 Dungeon Crawl Stone Soup version 0.19-a0-559-ga3d69d0 (webtiles) character file.

333709 zero the Severer (level 21, -9/175 HPs)
             Began as a Minotaur Berserker on June 8, 2016.
             Was the Champion of Trog.
             Killed from afar by a storm dragon (16 damage)
             ... with a bolt of lightning
             ... on level 4 of the Vaults.
             The game lasted 01:35:43 (37243 turns).

zero the Severer (Minotaur Berserker)              Turns: 37243, Time: 01:35:45

Health: -9/175     AC: 39    Str: 29    XL:     21   Next: 24%
Magic:  8/8        EV: 16    Int:  1    God:    Trog [******]
Gold:   3939       SH: 28    Dex: 21    Spells: 0 memorised, 20 levels left

rFire  + + +     SeeInvis +     Y - +9 demon trident (antimagic)
rCold  . . .     Gourm    .     g - +4 crystal plate armour
rNeg   + . .     Faith    .     L - +4 large shield
rPois  .         Spirit   .     (helmet unavailable)
rElec  .         Dismiss  .     w - +2 cloak
rCorr  .         Reflect  .     V - +2 pair of gloves
SustAt .         Harm     +     H - +0 pair of boots of Enytui {Dex+2 Slay+5}
MR     +++..                    e - amulet of harm
Stlth  ..........               B - ring of positive energy
                                D - ring of Ipugg {rF+++ Int-3 Dex+6 SInv}

@: exhausted, very slightly contaminated, regenerating, slowed, very slow,
extremely resistant to hostile enchantments, extremely unstealthy
A: retaliatory headbutt, horns 3, see invisible, fire resistance 1, frail 1,
regeneration 1
a: Berserk, Trog's Hand, Brothers in Arms, Burn Spellbooks, Renounce Religion
}: 1/15 runes: serpentine


You were on level 4 of the Vaults.
You worshipped Trog.
Trog was exalted by your worship.
You were not hungry.

You visited 6 branches of the dungeon, and saw 35 of its levels.
You visited the Abyss 1 time.
You also visited: Labyrinth and Bailey.

You collected 4163 gold pieces.
You spent 224 gold pieces at shops.

Inventory:

Hand Weapons
 U - the +8 war axe "Spiderslayer" {freeze, *Noise +Inv rF- SInv}
   (Trog gifted it to you on level 9 of the Dungeon)

   It has been specially enchanted to freeze those struck by it, causing extra
   injury to most foes and up to half again as much damage against particularly
   susceptible opponents.
   It can also slow down cold-blooded creatures.
   It makes you vulnerable to fire.
   It lets you see invisible.
   It lets you turn invisible.
   It may make noises in combat.
 Y - a +9 antimagic demon trident (weapon)
Missiles
 d - 5 throwing nets (quivered)
Armour
 g - a +4 crystal plate armour (worn)
 n - the +0 fire dragon armour of Koescha {rElec rF++ rC-}
   (You found it in a labyrinth)

   It greatly protects you from fire.
   It makes you vulnerable to cold.
   It insulates you from electricity.
 t - a +3 plate armour of poison resistance
 w - a +2 cloak (worn)
 H - the +0 pair of boots of Enytui (worn) {Dex+2 Slay+5}
   (You found it on level 2 of the Lair of Beasts)

   It affects your dexterity (+2).
   It affects your accuracy and damage with ranged weapons and melee attacks
   (+5).
 L - a +4 large shield (worn)
 V - a +2 pair of gloves (worn)
Jewellery
 e - an amulet of harm (around neck)
 k - an uncursed ring of teleportation
 u - a cursed amulet of the gourmand
 B - a ring of positive energy (right hand)
 D - the ring of Ipugg (left hand) {rF+++ Int-3 Dex+6 SInv}
   (You acquired it on level 2 of the Snake Pit)

   [ring of dexterity]

   It affects your intelligence (-3).
   It affects your dexterity (+6).
   It renders you almost immune to fire.
   It lets you see invisible.
Wands
 l - a wand of lightning (8/15)
 p - a wand of hasting (5/9)
 q - a wand of lightning (5/15)
 x - a wand of polymorph (12/24)
 y - a wand of digging (16/24)
 A - a wand of acid (9/15)
 E - a wand of teleportation (4/9)
 I - a wand of iceblast (4/15)
 K - a wand of confusion (31/48)
 O - a wand of flame (26/48)
 R - a wand of disintegration (15/24)
 S - a wand of iceblast (7/15)
Scrolls
 b - 2 scrolls of fog
 i - a scroll of holy word
 o - 13 scrolls of teleportation
 r - 9 scrolls of remove curse
 z - 2 scrolls of blinking
 F - a scroll of enchant weapon
 J - 6 scrolls of fear
 N - 11 scrolls of identify
 Z - a scroll of recharging
Potions
 a - a potion of agility
 f - 4 potions of flight
 h - 3 potions of magic
 m - 5 potions of resistance
 v - 12 potions of curing
 M - a potion of brilliance
Miscellaneous
 s - a fan of gales
Comestibles
 c - 18 bread rations
 C - a royal jelly


   Skills:
 + Level 18.5 Fighting
 - Level 19.5(22.1) Axes
 * Level 18.8(21.7) Polearms
 + Level 19.3 Armour
 - Level 15.8 Dodging
 - Level 18.1 Shields
 - Level 7.0 Evocations


You had 20 spell levels left.
You didn't know any spells.

Dungeon Overview and Level Annotations

Branches:
Dungeon (15/15)            Temple (0/1) D:6            Lair (8/8) D:8
 Shoals (0/4) Lair:4        Snake (4/4) Lair:5        Slime (0/6) Lair:6
    Orc (2/2) D:9             Elf (0/3) Orc:2        Vaults (5/5) D:14
  Crypt (0/3) Vaults:3     Depths (1/5) D:15

Altars:
Ashenzari
Dithmenos
Fedhas
Gozag
Kikubaaqudgha
Okawaru
Qazlal
Sif Muna
Trog
Xom
Zin

Shops:
D:9 (*(}=   Orc:2 *:[((   Vaults:1 (

Portals:
Hell: Depths:1


Innate Abilities, Weirdness & Mutations

You reflexively headbutt those who attack you in melee.
You have a pair of large horns on your head.
You have supernaturally acute eyesight. (SInv)
Your flesh is heat resistant. (rF+)
You are frail. (-10% HP)
Your natural rate of healing is unusually fast.


Message History

You block the tengu reaver's attack. x2; The tengu reaver closely misses you.
The storm dragon bites you.
* * * LOW HITPOINT WARNING * * *
The storm dragon completely misses you. You block the storm dragon's attack.
The storm dragon bites you but does no damage.
You block the storm dragon's attack.
The storm dragon tramples you but does no damage.
You're too exhausted to go berserk.
Blink to where?
Press: ? - help, Dir - move target cursor You are very lightly contaminated with residual magic.
As you read the scroll of blinking, it crumbles to dust.
You feel sick.
You feel better.
The storm dragon breathes lightning at you.
The bolt of lightning hits you!
* * * LOW HITPOINT WARNING * * *
The storm dragon breathes lightning at you.
The bolt of lightning hits you!
You die...

..........# #.#.#
..........########.#.#
..........##.......#.#
#####'######.#####.#.#
####.......?.#.∩.#.#.#
...#.........#8.8#.#.#
...#.........#...#...#######
...#.........##.##..##.....##
...#............@...#...#...#
)..#..........####..##.###.####
)############'##....#...#...#.##
)..# #..........#....>........#
...# #..........#..#D..#...#..#
...# #..........#.###.###.###.#
...# #..........'..#...#..)#..#
...# #..........#....>Q.......#
#######..........##.#...#...#.##


You could see a storm dragon.

Vanquished Creatures
  Nikola (Vaults:2)
  A bone dragon (Vaults:3)
  Jorgrun (Depths:1)
  A lich (Vaults:3)
  Rupert (Snake:1)
  A titan (Depths:1)
  A sphinx (Vaults:3)
  Gastronok (Lair:1)
  Kirke (Lair:6)
  2 tengu reavers
  8 greater nagas
  5 fire giants
  4 frost giants
  4 orc warlords
  Maud (Lair:6)
  12 vault wardens
  Louise (Snake:1)
  Wiglaf (Vaults:3)
  The ghost of Daviar the Severer, an adept VSGl of Uskayaw (Snake:2)
  10 ironheart preservers
  A very ugly thing (D:14)
  Nessos (Lair:6)
  9 stone giants
  2 deep elf demonologists
  A deep elf annihilator (Vaults:2)
  Azrael (Snake:3)
  A dire elephant (D:15)
  7 ettins
  A minotaur (Lab)
  A crystal guardian (Vaults:3)
  5 fire dragons
  Josephine (D:13)
  2 deep elf high priests
  A great orb of eyes (Vaults:1)
  8 yaktaur captains
  Erolcha (D:8)
  15 hydras
  22 naga warriors
  31 vault guards
  4 ice dragons
  9 centaur warriors
  A hell beast (Depths:1)
  20 anacondas
  2 catoblepae
  3 death knights
  A deep troll shaman (Vaults:4)
  7 ogre magi
  4 orc high priests (Orc:2)
  A dancing weapon (Vaults:5)
  10 shock serpents
  6 deep elf knights
  A small abomination (Vaults:5)
  8 naga sharpshooters
  Sonja (D:11)
  A fire crab (shapeshifter) (Depths:1)
  Nergalle (D:11)
  A shadow wraith (Vaults:4)
  8 skeletal warriors
  3 salamander mystics
  6 giant orange brains
  9 sea snakes (Snake:4)
  5 deep trolls (Vaults:4)
  2 unseen horrors
  2 flayed ghosts
  A giant orange brain (shapeshifter) (Vaults:1)
  A wizard (Depths:1)
  A death drake (shapeshifter) (Vaults:3)
  4 deep elf archers
  2 lindwurms (Lair:8)
  5 hill giants
  Pikel (D:5)
  A wolf spider zombie (D:15)
  8 naga ritualists
  11 ironbrand convokers
  4 orc sorcerers
  3 harpies (Depths:1)
  10 mana vipers
  An oklob plant (Lair:8)
  2 wolf spiders
  17 deep elf magi
  51 ugly things
  2 hornets
  18 salamanders
  16 orc knights
  9 manticores
  4 cyclopes
  14 elephants
  11 griffons
  39 black mambas
  12 guardian serpents
  15 vault sentinels
  2 gargoyles
  16 naga magi
  6 torpor snails
  15 spiny frogs
  9 kobold demonologists
  38 yaktaurs
  4 rime drakes
  11 komodo dragons
  A redback zombie (D:15)
  11 freezing wraiths
  14 trolls
  8 polar bears (Lair:8)
  A queen bee (D:10)
  A tengu conjurer (D:15)
  2 jumping spiders (shapeshifter)
  A polar bear (shapeshifter) (Vaults:1)
  7 two-headed ogres
  Grinder (D:4)
  4 giant leeches (Lair:8)
  A meliai zombie (D:15)
  A raiju (shapeshifter) (Vaults:1)
  6 boulder beetles
  A human simulacrum (Vaults:3)
  14 blink frogs
  15 slime creatures
  4 raiju (Lair:8)
  A centaur simulacrum (D:13)
  3 shadows
  3 redbacks (Vaults:3)
  3 wyverns
  A water elemental (Depths:1)
  59 yaks
  3 hogs (Lair:6)
  3 wraiths (D:13)
  6 basilisks
  19 vampire mosquitoes
  A fire bat (shapeshifter) (Vaults:4)
  4 fire elementals (Snake:3)
  12 hippogriffs
  A steam dragon (D:10)
  A redback simulacrum (Vaults:3)
  12 wargs
  A swamp worm (shapeshifter) (Vaults:4)
  A soldier ant (shapeshifter) (Vaults:2)
  2 soldier ants
  4 mottled dragons
  50 nagas
  9 hell hounds
  Edmund (D:5)
  10 porcupines
  29 water moccasins
  4 sky beasts
  50 orc warriors
  A black bear (shapeshifter) (D:14)
  2 phantoms
  A slave (D:5)
  5 wasps
  29 ogres
  An eye of draining (D:10)
  16 black bears
  2 ice beasts
  23 centaurs
  An eye of draining (shapeshifter) (Vaults:1)
  16 wolves
  14 crocodiles
  6 big kobolds
  18 giant frogs
  A giant frog (shapeshifter) (Depths:1)
  A wyvern zombie (D:15)
  A gnoll sergeant (D:9)
  A water moccasin zombie (D:5)
  2 scorpions
  26 killer bees
  9 wights
  4 howler monkeys
  4 electric eels
  3 crimson imps
  3 giant frog zombies
  8 centaur zombies
  6 jellies
  A quasit (D:12)
  A giant frog skeleton (D:4)
  15 hounds
  13 iguanas
  19 orc priests
  19 orc wizards
  10 worker ants
  31 sheep
  2 hound skeletons
  A howler monkey zombie (D:7)
  A howler monkey skeleton (D:8)
  2 worker ant zombies
  5 gnolls (D:9)
  24 adders
  31 river rats
  3 adder zombies (D:5)
  An adder skeleton (D:6)
  20 worms
  2 dart slugs (D:3)
  4 giant geckos
  153 orcs
  3 ball pythons
  6 giant cockroaches
  5 goblins
  6 hobgoblins
  14 jackals
  5 quokkas
  A ball python zombie (D:5)
  4 bats
  A giant cockroach zombie (D:5)
  2 giant gecko skeletons (D:5)
  A giant gecko zombie (D:8)
  7 giant newts
  2 jackal skeletons
  16 kobolds
  A quokka skeleton (D:4)
  7 rats
  A butterfly (D:7)
  A crawling corpse (Vaults:4)
  19 fungi
  20 plants
1719 creatures vanquished.

Vanquished Creatures (collateral kills)
  A sphinx (Vaults:4)
  A vault guard (Vaults:5)
  A catoblepas (D:14)
  Harold (Lair:1)
  An obsidian statue (D:14)
  A yak (Lair:1)
  A hippogriff (Lair:1)
  An orc warrior (D:8)
  A giant frog (D:14)
  An orc priest (D:8)
10 creatures vanquished.

Vanquished Creatures (others)
  A naga (Snake:4)
  An orc warrior (Vaults:4)
  An ogre (Vaults:4)
  A hound (D:5)
  A sheep (Lair:6)
  A worker ant zombie (D:5)
  A howler monkey skeleton (D:5)
  An orc (Vaults:4)
  A jackal zombie (D:5)
  A bush (Lair:3)
  17 fungi
  26 plants
53 creatures vanquished.

Grand Total: 1782 creatures vanquished

Notes
Turn   | Place    | Note
--------------------------------------------------------------
     0 | D:1      | zero the Minotaur Berserker began the quest for the Orb.
     0 | D:1      | Reached XP level 1. HP: 19/19 MP: 0/0
   135 | D:1      | Reached XP level 2. HP: 18/26 MP: 1/1
   530 | D:2      | Found a deep blue altar of Sif Muna.
   571 | D:2      | Reached skill level 5 in Axes
   606 | D:2      | Reached XP level 3. HP: 21/31 MP: 2/2
  1234 | D:3      | Reached ** piety under Trog
  1291 | D:3      | Reached XP level 4. HP: 32/39 MP: 3/3
  1439 | D:3      | Found a deep blue altar of Sif Muna.
  1553 | D:3      | Reached XP level 5. HP: 45/45 MP: 4/4
  1936 | D:3      | Gained mutation: You are frail. (-10% HP) [potion of mutation]
  1936 | D:3      | Gained mutation: Your flesh is heat resistant. (rF+) [potion of mutation]
  1936 | D:3      | Gained mutation: You have a pair of large horns on your head. [potion of mutation]
  1937 | D:3      | Gained mutation: You have supernaturally acute eyesight. (SInv) [potion of mutation]
  1937 | D:3      | Gained mutation: Your natural rate of healing is unusually fast. [potion of mutation]
  1970 | D:4      | Found a shadowy altar of Dithmenos.
  2019 | D:4      | Reached XP level 6. HP: 45/45 MP: 5/5
  2069 | D:4      | Reached *** piety under Trog
  2145 | D:4      | Noticed Grinder
  2148 | D:4      | Paralysed by Grinder for 5 turns
  2161 | D:4      | Killed Grinder
  2161 | D:4      | Reached XP level 7. HP: 51/51 MP: 6/6
  2174 | D:4      | Found a bloodstained altar of Trog.
  2240 | D:4      | Reached skill level 10 in Axes
  2410 | D:4      | Found a glowing silver altar of Zin.
  2549 | D:5      | Entered Level 5 of the Dungeon
  2582 | D:5      | Found a stormy altar of Qazlal.
  2643 | D:5      | Noticed Pikel
  2658 | D:5      | Killed Pikel
  2658 | D:5      | Reached XP level 8. HP: 24/57 MP: 7/7
  2886 | D:5      | Noticed Edmund
  2895 | D:5      | Killed Edmund
  3558 | D:6      | Reached XP level 9. HP: 64/64 MP: 8/8
  3798 | D:6      | Found an ancient bone altar of Kikubaaqudgha.
  3851 | D:6      | Found a staircase to the Ecumenical Temple.
  4115 | D:7      | Reached skill level 5 in Fighting
  4151 | D:7      | Found a shimmering altar of Xom.
  4201 | D:7      | Reached **** piety under Trog
  4252 | D:7      | Found an iron altar of Okawaru.
  4258 | D:7      | Reached skill level 5 in Armour
  4430 | D:7      | Found an opulent altar of Gozag.
  4552 | D:8      | Noticed a troll
  4571 | D:8      | Killed a troll
  4775 | D:8      | Got a slimy spear
  4776 | D:8      | Identified the +8 spear of Desperation {antimagic, rF+ MR+ Str+2 Int+4} (You found it on level 8 of the Dungeon)
  4799 | D:8      | Noticed Erolcha
  4808 | D:8      | Killed Erolcha
  4867 | D:8      | Found a staircase to the Lair.
  4868 | D:8      | Noticed a komodo dragon
  4888 | D:8      | Killed a komodo dragon
  4888 | D:8      | Reached XP level 10. HP: 28/79 MP: 3/9
  5244 | D:8      | Found a shattered altar of Ashenzari.
  5340 | D:8      | Got an encrusted spear
  5341 | D:8      | Identified the +9 spear of Luh Usse {antimagic, *Drain Str+4 Dex+7} (You found it on level 8 of the Dungeon)
  5452 | D:9      | Reached skill level 1 in Polearms
  5514 | D:9      | Found Otilio's Antique Weapon Shoppe.
  5550 | D:9      | Found Xuphouru's General Store.
  5627 | D:9      | Reached ***** piety under Trog
  5646 | D:9      | Found a staircase to the Orcish Mines.
  5959 | D:9      | Received a gift from Trog
  6016 | D:9      | Got a transparent war axe {god gift}
  6017 | D:9      | Identified the +8 war axe "Spiderslayer" {freeze, *Noise +Inv rF- SInv} (Trog gifted it to you on level 9 of the Dungeon)
  6035 | D:9      | Found Xirouwn's Gadget Shoppe.
  6066 | D:9      | Reached skill level 5 in Polearms
  6145 | D:9      | Found Qithept's Jewellery Shoppe.
  6265 | D:9      | Found Ykathroq's Weapon Boutique.
  6414 | Lair:1   | Entered Level 1 of the Lair of Beasts
  6440 | Lair:1   | Reached skill level 1 in Shields
  6442 | Lair:1   | Reached skill level 1 in Evocations
  6569 | Lair:1   | Noticed Gastronok
  6579 | Lair:1   | Killed Gastronok
  6579 | Lair:1   | Reached skill level 5 in Dodging
  6579 | Lair:1   | Reached XP level 11. HP: 38/87 MP: 11/11
  6856 | Lair:1   | Noticed Harold
  6868 | Lair:1   | Killed Harold
  7467 | Lair:2   | Found a labyrinth entrance.
  7502 | Lab      | Entered a labyrinth
  7681 | Lab      | Noticed a minotaur
  7689 | Lab      | Killed a minotaur
  7689 | Lab      | Reached skill level 10 in Fighting
  7689 | Lab      | Reached skill level 5 in Shields
  7703 | Lab      | Got a dazzling fire dragon armour
  7714 | Lab      | Identified the cursed +0 fire dragon armour of Koescha {rElec rF++ rC-} (You found it in a labyrinth)
  8189 | Lair:2   | Got a pair of faintly glowing boots
  8418 | Lair:2   | Identified the cursed +0 pair of boots of Enytui {Dex+2 Slay+5} (You found it on level 2 of the Lair of Beasts)
  8457 | Lair:3   | Reached skill level 5 in Evocations
  8458 | Lair:3   | Reached skill level 10 in Armour
  8458 | Lair:3   | Reached XP level 12. HP: 97/97 MP: 14/14
  8463 | Lair:3   | Received a gift from Trog
  8560 | Lair:3   | Noticed a four-headed hydra
  8565 | Lair:3   | Killed a six-headed hydra
  8716 | Lair:3   | Noticed a six-headed hydra
  8719 | Lair:3   | Killed a seven-headed hydra
  8999 | Lair:3   | Got a brightly glowing leather armour
  9704 | Lair:4   | Found a staircase to the Shoals.
  9770 | Lair:4   | Noticed a five-headed hydra
  9774 | Lair:4   | Killed a seven-headed hydra
 10181 | Lair:4   | Identified the +7 leather armour of the Desert {rPois rF++ MR+ SInv} (You found it on level 3 of the Lair of Beasts)
 10372 | Lair:5   | Reached XP level 13. HP: 106/106 MP: 17/17
 10381 | Lair:5   | Found a staircase to the Snake Pit.
 10538 | Lair:5   | Received a gift from Trog
 11056 | Lair:5   | Found a dark tunnel.
 11131 | Lair:5   | Received a gift from Trog
 11347 | Lair:6   | Noticed Maud
 11355 | Lair:6   | Killed Maud
 11434 | Lair:6   | Found a staircase to the Slime Pits.
 11500 | Lair:6   | Noticed Nessos
 11517 | Lair:6   | Killed Nessos
 11517 | Lair:6   | Reached skill level 15 in Axes
 11763 | Lair:6   | Reached ****** piety under Trog
 12157 | Lair:6   | Noticed Kirke
 12161 | Lair:6   | Reached skill level 10 in Shields
 12166 | Lair:6   | Killed Kirke
 12978 | Lair:7   | Received a gift from Trog
 13125 | Lair:7   | Reached XP level 14. HP: 113/113 MP: 18/18
 13739 | Lair:8   | Entered Level 8 of the Lair of Beasts
 14344 | Lair:8   | Found a runed door.
 14445 | Lair:8   | Received a gift from Trog
 15778 | Orc:1    | Entered Level 1 of the Orcish Mines
 15871 | Orc:1    | Noticed an orc warlord
 15898 | Orc:1    | Killed an orc warlord
 15928 | Orc:1    | Received a gift from Trog
 16327 | Orc:2    | Entered Level 2 of the Orcish Mines
 16416 | Orc:2    | Found a staircase to the Elven Halls.
 16425 | Orc:2    | Found Jucyiv's Book Shop.
 16444 | Orc:2    | Reached skill level 10 in Dodging
 16451 | Orc:2    | Reached XP level 15. HP: 64/120 MP: 19/19
 16487 | Orc:2    | Noticed an orc warlord
 16493 | Orc:2    | Killed an orc warlord
 16498 | Orc:2    | Found Meh Ifew's General Store.
 16660 | Orc:2    | Found Guthry Gyuri's Antique Armour Boutique.
 16794 | Orc:2    | Found Qytepif's Antique Weapon Shop.
 16843 | Orc:2    | Found Cani's Weapon Shop.
 17027 | Orc:2    | Bought a bread ration for 80 gold pieces
 17027 | Orc:2    | Bought a beef jerky for 24 gold pieces
 17219 | D:10     | Entered Level 10 of the Dungeon
 17319 | D:10     | Received a gift from Trog
 18061 | D:11     | Noticed Sonja
 18068 | D:11     | Cast into level 2 of the Abyss (Sonja)
 18076 | Abyss:2  | Found a corrupted altar of Lugonu.
 18116 | D:11     | Escaped the Abyss
 18125 | D:11     | Killed Sonja
 18242 | D:11     | Noticed Nergalle
 18251 | D:11     | Killed Nergalle
 18271 | D:11     | Found a flagged portal.
 18293 | Bailey   | Entered a bailey
 18699 | Bailey   | Found a roughly hewn altar of Beogh.
 18808 | D:11     | Received a gift from Trog
 19661 | D:13     | Noticed Josephine
 19669 | D:13     | Killed Josephine
 20007 | D:14     | Received a gift from Trog
 20622 | D:14     | Reached skill level 15 in Fighting
 20749 | D:14     | Found an ancient bone altar of Kikubaaqudgha.
 21104 | D:14     | Found a gate to the Vaults.
 21196 | D:15     | Entered Level 15 of the Dungeon
 21209 | D:15     | Reached XP level 16. HP: 125/134 MP: 6/20
 21230 | D:15     | Found a blossoming altar of Fedhas.
 21730 | D:15     | Received a gift from Trog
 22101 | D:15     | Found a staircase to the Depths.
 22183 | Depths:1 | Entered Level 1 of the Depths
 22183 | Depths:1 | Found a gateway to Hell.
 22346 | Depths:1 | Noticed Jorgrun
 22357 | Depths:1 | Killed Jorgrun
 22841 | Depths:1 | Reached skill level 15 in Armour
 22846 | Depths:1 | Received a gift from Trog
 22933 | Depths:1 | Noticed a titan
 22944 | Depths:1 | HP: 2/207 [titan (42)]
 22945 | Depths:1 | Killed a titan
 23510 | Snake:1  | Entered Level 1 of the Snake Pit
 23510 | Snake:1  | Noticed Louise
 23533 | Snake:1  | Killed Louise
 23905 | Snake:1  | Reached XP level 17. HP: 143/144 MP: 21/21
 24541 | Snake:1  | Noticed Rupert
 24544 | Snake:1  | Killed Rupert
 24634 | Snake:1  | HP: 7/144 [salamander/enchanted spear (4)]
 25272 | Snake:1  | Received a gift from Trog
 25733 | Snake:2  | Identified a scroll of acquirement
 25735 | Snake:2  | Got a scintillating lead ring
 25737 | Snake:2  | Identified the ring of Ipugg {rF+++ Int-3 Dex+6 SInv} (You acquired it on level 2 of the Snake Pit)
 25895 | Snake:2  | Noticed Daviar's ghost (adept VSGl)
 25936 | Snake:2  | Killed Daviar's ghost
 27004 | Snake:3  | Noticed Azrael
 27022 | Snake:3  | Killed Azrael
 27284 | Snake:3  | Reached skill level 15 in Shields
 27649 | Snake:3  | Received a gift from Trog
 28006 | D:9      | Bought a scroll of enchant weapon for 120 gold pieces
 28251 | Snake:4  | Entered Level 4 of the Snake Pit
 28404 | Snake:4  | Reached XP level 18. HP: 152/152 MP: 7/22
 28493 | Snake:4  | Reached skill level 10 in Polearms
 29039 | Snake:4  | Received a gift from Trog
 29375 | Snake:4  | Received a gift from Trog
 29495 | Snake:4  | Got a serpentine rune of Zot
 30338 | Vaults:1 | Entered Level 1 of the Vaults
 30428 | Vaults:1 | Received a gift from Trog
 30478 | Vaults:1 | Noticed a Tzitzimitl
 30928 | Vaults:1 | Reached XP level 19. HP: 141/159 MP: 7/23
 31081 | Vaults:1 | Found Xiwi's Antique Weapon Emporium.
 31386 | Vaults:2 | Received a gift from Trog
 31451 | Vaults:2 | Received a gift from Trog
 31642 | Vaults:2 | Noticed Nikola
 31654 | Vaults:2 | Killed Nikola
 31978 | Vaults:2 | Received a gift from Trog
 32165 | Vaults:2 | Reached skill level 15 in Polearms
 32732 | Vaults:3 | Received a gift from Trog
 32981 | Vaults:3 | Noticed Wiglaf
 32994 | Vaults:3 | Killed Wiglaf
 33406 | Vaults:3 | Received a gift from Trog
 33413 | Vaults:3 | Reached XP level 20. HP: 102/163 MP: 8/24
 33625 | Vaults:3 | Noticed a bone dragon
 33635 | Vaults:3 | Killed a bone dragon
 33637 | Vaults:3 | Found a staircase to the Crypt.
 33867 | Vaults:3 | Reached skill level 15 in Dodging
 34349 | Vaults:4 | Received a gift from Trog
 34516 | Vaults:4 | Found a blossoming altar of Fedhas.
 35516 | Vaults:4 | Received a gift from Trog
 36479 | Vaults:5 | Entered Level 5 of the Vaults
 36529 | Vaults:5 | Reached XP level 21. HP: 127/173 MP: 8/25
 36546 | Vaults:4 | Received a gift from Trog
 37240 | Vaults:4 | HP: 8/175 [storm dragon/bolt of lightning (42)]
 37243 | Vaults:4 | Killed from afar by a storm dragon

Vault maps used:
D:1:      mushboom_english_gardens
D:2:      led_sif_pool
D:3:      lemuel_crystal_altar, st_stairs_9, serial_bayou_pond_d
D:4:      bloody_trog, zin_treasury, first_bread,
          nicolae_dithmenos_through_a_glass_darkly, uniq_grinder
D:5:      nicolae_qazlal_general_emergency, serial_undead, serial_undead_b,
          serial_undead_c, serial_undead_a, serial_undead_a, serial_undead_f,
          serial_undead_f, uniq_pikel, uniq_edmund
D:6:      kennysheep_mini_moat, minmay_temple_entry_poolview
D:7:      kennysheep_little_box, nicolae_overflow_crystal_walls, xom_butterflies
D:8:      lemuel_coloured_pillars_altar, david_lair_shrubbed, uniq_erolcha
D:9:      hiddenorc2_lemuel, serial_shops, nicolae_shop_stone,
          nicolae_shop_overgrown_old_shop, nicolae_shop_trees, shop,
          nicolae_shop_temple_entry_statues_fountains, special_room
D:10:     serial_ice, serial_ice_e, serial_ice_m, serial_ice_h, serial_ice_d,
          david_nohive_1, kennysheep_generic_room_5
D:11:     minmay_klotski, enter_bailey_2, minmay_misc_feat_room, uniq_sonja,
          uniq_nergalle
D:13:     uniq_josephine
D:14:     david_vaults_5, lemuel_tele_altar, minmay_protected_statue
D:15:     hangedman_depths_entry_try_elsewhere_first, fedhas_altar_3
Lair:1:   uniq_gastronok, uniq_harold
Lair:2:   lab_entry_generic, serial_bayou_ford_a
Lair:3:   eino_small_chamber_without_monster, serial_bayou_pond_e,
          grunt_forest_large_clearings, serial_bayou_shore_b, grunt_megastairs_3
Lair:4:   elwin_shoals_entry_rocks, grunt_megastairs_4
Lair:5:   minmay_snake_entry_six_corridors, enter_volcano_4,
          infiniplex_staircase_pool, serial_bayou_shore_a, grunt_megastairs_1
Lair:6:   beast_lair_carwin_large_2, slime_dummy, grunt_forest_small_clearings,
          uniq_nessos, uniq_kirke, uniq_maud
Lair:7:   serial_forest, infiniplex_forest_clump_medium,
          infiniplex_forest_straight_4, infiniplex_forest_end_2,
          infiniplex_forest_straight_3, infiniplex_forest_clump_large,
          infiniplex_forest_join, infiniplex_forest_clump_medium,
          infiniplex_forest_clump_diagonal, infiniplex_forest_straight_3,
          hibernation_bobbens
Lair:8:   hangedman_lair_caniforms_friends, wormcave, st_stairs_12
Snake:1:  minmay_snake_river, uniq_louise, uniq_rupert
Snake:3:  uniq_azrael
Snake:4:  grunt_snake_rune_pools, serial_bayou_shore_b, grunt_megastairs_2
Orc:2:    grunt_orc_gardens, grunt_orc_garden, grunt_orc_garden,
          grunt_orc_garden, grunt_orc_garden, serial_shops, shop
Vaults:1: v_misc_9, nicolae_vaults_quadrants, v_misc_11,
          hangedman_vaults_corner_blocks, grunt_vaults_bifocal,
          ontoclasm_vaults_hangar, grunt_vaults_swirl, nicolae_vaults_asterisk,
          nicolae_vaults_yaktaur_gun_rack, vaults_mumra_minichess_inversion,
          vaults_dpeg_diagonal, hangedman_vaults_trim, serial_shops,
          nicolae_shop_statue_plus
Vaults:2: hangedman_vaults_variations, st_spiral_rooms, v_misc_25,
          hangedman_vaults_cutoff, hangedman_vaults_stretched_pinwheel,
          hangedman_vaults_stitches, grunt_vaults_diagonal,
          ontoclasm_vaults_twist, ontoclasm_vaults_idyll, nicolae_vaults_big_ls,
          ontoclasm_vaults_tryst, ontoclasm_vaults_ring_square, uniq_nikola
Vaults:3: v_rooms_6, hangedman_vaults_stagger, nicolae_vaults_display_case,
          minmay_crypt_entry_nasty_monster, nicolae_vaults_bisected_exclaves,
          vaults_room_door_ring, nicolae_vaults_network_square,
          vaults_standard_mumra_x, vaults_room_fancy_cross,
          nicolae_vaults_alarming, uniq_wiglaf
Vaults:4: v_misc_12, dpeg_vaults_monster_box, v_misc_1, v_misc_27,
          hangedman_vaults_stretched_pinwheel, vaults_room_grid, v_misc_9,
          v_rooms_2, ontoclasm_vaults_gateway, nicolae_vaults_circle_grid_b,
          ontoclasm_vaults_ligature, nicolae_vaults_little_squares_5,
          ontoclasm_vaults_hangar, vaults_room_semicircle,
          infiniplex_enter_wizlab_glasses, basic_altar
Depths:1: minmay_misc_feat_diagonals, special_room, hell_entry,
          minmay_misc_feat_more_columns, nicolae_two_hexagons, lightli_minifort,
          uniq_jorgrun
Abyss:2:  guppyfry_abyss_exit_imp_island
Lab:      labyrinth_mini_lab, nicolae_lab_quarters, lab_fountain,
          nicolae_lab_big_swirl, nicolae_lab_x, nicolae_lab_garden,
          labyrinth_skeletal_remains
Bailey:   bailey_polearm_2, bailey

Skill      XL: |  1  2  3  4  5  6  7  8  9 10 11 12 13 14 15 16 17 18 19 20 |
---------------+-------------------------------------------------------------+-----
Axes           | 4 5 7 8 9 11 13 14 16 18 19 | 19.5
Fighting       | 4 7 9 10 12 15 17 18 | 18.5
Armour         | 3 7 9 10 12 13 15 16 17 18 19 | 19.3
Polearms       | 5 7 9 13 16 18 | 18.8
Dodging        | 5 6 10 12 13 14 15 | 15.8
Shields        | 3 5 6 11 16 18 | 18.1
Evocations     | 2 5 7 |  7.0

Action                   |  1- 3 |  4- 6 |  7- 9 | 10-12 | 13-15 | 16-18 | 19-21 || total
-------------------------+-------+-------+-------+-------+-------+-------+-------++-------
Melee: Hand axe          |    85 |   110 |   257 |       |       |       |       ||   452
       Headbutt          |    12 |    11 |    48 |    83 |   213 |   282 |   306 ||   955
       Spear             |       |       |    38 |   176 |       |       |       ||   214
       War axe           |       |       |       |   225 |   871 |       |       ||  1096
       Demon trident     |       |       |       |       |   127 |  1169 |  1075 ||  2371
       Executioner's axe |       |       |       |       |       |    70 |       ||    70
Invok: Berserk           |       |     2 |     2 |     4 |     6 |     9 |     6 ||    29
       Burn Spellbooks   |       |       |     3 |     3 |     4 |       |       ||    10
       Trog's Hand       |       |       |     1 |     4 |     1 |     6 |     2 ||    14
       Brothers in Arms  |       |       |       |     2 |     2 |       |     2 ||     6
Evoke: Wand              |       |       |       |       |     2 |       |     3 ||     5
       Fan of gales      |       |       |       |       |       |     1 |       ||     1
  Use: Scroll            |       |     8 |     7 |    20 |    16 |    13 |    10 ||    74
       Potion            |       |     2 |       |     1 |       |     1 |     4 ||     8
  Eat: Chunk             |     1 |     4 |     6 |    11 |    24 |    11 |    13 ||    70
       Fruit             |       |       |     1 |     1 |     1 |    13 |     4 ||    20
       Pizza             |       |       |     1 |       |       |       |     1 ||     2
       Beef jerky        |       |       |     1 |     3 |     4 |     3 |     2 ||    13
       Meat ration       |       |       |     1 |     1 |       |     3 |     1 ||     6
       Bread ration      |       |       |       |       |     3 |       |     1 ||     4
Armor: Animal skin       |     9 |     6 |       |       |       |       |       ||    15
       Scale mail        |       |     7 |       |       |       |       |       ||     7
       Plate armour      |       |    37 |   160 |    87 |       |   120 |       ||   404
       Fire dragon armou |       |       |       |    24 |       |     6 |       ||    30
       Leather armour    |       |       |       |     1 |    64 |       |       ||    65
       Crystal plate arm |       |       |       |       |   126 |    69 |   202 ||   397
Dodge: Dodged            |    49 |    43 |    71 |   121 |   264 |   233 |   188 ||   969
Block: Buckler           |       |       |    19 |       |       |       |       ||    19
       Shield            |       |       |     8 |   129 |       |       |       ||   137
       Large shield      |       |       |       |    19 |   872 |   783 |   753 ||  2427
